 Dungeon Crawl Stone Soup version 0.30-a0-824-g6c64550be9 (webtiles) character file.

Game seed: 1480888610336395420

18 Esekla the Sneak (level 2, 0/21 HPs)
             Began as an Octopode Delver on Feb 28, 2023.
             Slain by an orc
             ... wielding a +0 club
              (5 damage)
             ... on level 5 of the Dungeon.
             The game lasted 00:02:21 (95 turns).

Esekla the Sneak (Octopode Delver)                    Turns: 95, Time: 00:02:21

Health: 0/21       AC:  1    Str: 11    XL:     2   Next: 66%
Magic:  2/2        EV: 13    Int: 12    God:
Gold:   29         SH:  0    Dex: 13    Spells: 2/2 levels left

rFire   . . .      SeeInvis .    a - +1 falchion
rCold   . . .      Faith    .    (no shield)
rNeg    . . .      Spirit   .    (helmet restricted)
rPois   .          Reflect  .    (no amulet)
rElec   .          Harm     .    (no ring)
rCorr   .          Rampage  .    (no ring)
Will    .....                    (no ring)
Stlth   ++++                     (no ring)
HPRegen 0.23/turn                (no ring)
MPRegen 0.08/turn                (no ring)
                                 (no ring)
                                 (no ring)

@: no status effects
A: almost no armour, amphibious, 8 rings, camouflage 1, gelatinous body 1,
(nimble swimmer 1), tentacles
a: no special abilities


You were on level 5 of the Dungeon.
You visited 1 branch of the dungeon, and saw 1 of its levels.

You collected 29 gold pieces.

Inventory:

Hand Weapons
 a - a +1 falchion (weapon)
Wands
 f - a wand of digging (3)
Scrolls
 b - a scroll of fog
 c - 2 scrolls of enchant weapon


   Skills:
 * Level 3.1 Fighting
 * Level 2.1 Long Blades
 * Level 2.1 Dodging
 + Level 7.0 Stealth
 * Level 0.5 Spellcasting


You had 2 spell levels left.
You didn't know any spells.
Your spell library was empty.

Dungeon Overview and Level Annotations

Branches:
Dungeon (5/15)             Temple (0/1) D:5

Altars:


Innate Abilities, Weirdness & Mutations

You cannot wear most types of armour.
You are amphibious.
You can wear up to eight rings at the same time.
Your skin changes colour to match your surroundings (Stealth+).
Your rubbery body absorbs attacks. (AC +1, EV +1)
((You are camouflaged when in or above water. (Stealth+)))
You have tentacles for arms and can constrict up to eight enemies at once.


Message History

The orc shouts!
Okay, then.
You aren't carrying any potions.
You feel yourself slow down.
You closely miss the killer bee. Your grab misses the killer bee.
Your squeeze misses the killer bee. The killer bee closely misses you.
The killer bee misses you. The killer bee closely misses you.
You barely miss the killer bee. Your grab misses the killer bee.
You squeeze the killer bee.
The killer bee is moderately wounded.
The killer bee closely misses you. x2; The orc hits you with a +0 club.
You slash the killer bee! Your grab misses the killer bee.
The killer bee is severely wounded.
The killer bee misses you.
A killer bee comes into view. x2
The killer bee completely misses you. The orc hits you with a +0 club.
The killer bee misses you.
The killer bee moves out of view.
You miss the killer bee.
The killer bee buzzes angrily.
Your grab misses the killer bee. You squeeze the killer bee.
The killer bee is almost dead.
You hear an angry buzzing noise. x3
The killer bee misses you. The orc hits you but does no damage.
The killer bee barely misses you.
You hear an angry buzzing noise.
You hear an angry growl.
You closely miss the killer bee. Your grab misses the killer bee.
Your squeeze misses the killer bee.
The killer bee is almost dead.
You hear an angry buzzing noise.
The killer bee stings you. The orc hits you with a +0 club.
The killer bee stings you.
* * * LOW HITPOINT WARNING * * *
A killer bee comes into view.
You hear an angry buzzing noise.
You hear a shout!
You closely miss the killer bee. Your grab misses the killer bee.
You squeeze the killer bee.
You kill the killer bee!
A killer bee comes into view.
The killer bee barely misses you. The orc hits you with a +0 club.
You die...

,,** #......#......,,,,...h. *,,*
#..............,,*#.... **,*
#......##..#..#*,,.....
*,*#####*#......##..#..#****#...
*,,..S..##......##..#..# #...
****#...........##..#h.## #..#
#...#.......#.......#####W..
##.*#.......o.>..#........##
#.*#W##.##@#..........#....
####.##.##.##.yW..............
#.......##.####y##.w..........
###...####.y..................
##..........................
#..#....W#..................
*****#.#..###....................
,,#.....O##,....#..###...........
,,.......*#.##.....# *#...,,,,,,,


You could see a black bear, a phantom, 2 killer bees, a dart slug and an orc.

Vanquished Creatures
  A killer bee (D:5)
  2 adders (D:5)
3 creatures vanquished.

Notes
Turn   | Place    | Note
-------+----------+-------------------------------------------
     0 | D:5      | Esekla the Octopode Delver began the quest for the Orb.
     0 | D:5      | Reached XP level 1. HP: 16/16 MP: 1/1
    11 | D:5      | Noticed a scorpion
    22 | D:5      | Noticed a phantom
    29 | D:5      | Noticed a black bear
    29 | D:5      | Noticed a black bear
    59 | D:5      | Reached XP level 2. HP: 21/21 MP: 2/2
    61 | D:5      | Noticed a water moccasin
    71 | D:5      | Reached skill level 7 in Stealth
    73 | D:5      | Noticed an ogre
    74 | D:5      | Noticed a centaur
    76 | D:5      | Noticed a killer bee
    92 | D:5      | Noticed a killer bee
    92 | D:5      | Noticed a killer bee
    94 | D:5      | Noticed a killer bee
    95 | D:5      | Killed a killer bee
    95 | D:5      | Noticed a killer bee
    95 | D:5      | Slain by an orc

Illustrated notes

Levels and vault maps discovered:
D:5:      layout_rooms, minmay_temple_entry_fiery, serial_shops,
          nicolae_lakefront_shop, uniq_pikel

Skill      XL: |  1  2 |
---------------+-------+-----
Stealth        | 7 |  7.0
Fighting       | |  3.1
Long Blades    | |  2.1
Dodging        | |  2.1
Spellcasting   | |  0.5

Action                     || total
---------------------------++-------
  Melee: Falchion          ||    11
         Tentacles         ||     5
         Constrict         ||     1
    Use: Scroll            ||     3
         Potion            ||     1
 Armour: Skin              ||     1
  Dodge: Dodged            ||    12

Table legend: (Time is in decaauts)
 A = Elapsed time spent in this place.
 B = Non-inter-level travel time spent in this place.
 C = Inter-level travel time spent in this place.
 D = Time resting spent in this place.
 E = Time spent auto-exploring this place.
 F = Levels seen in this place.
 G = Mean time per level.
                   A        B        C        D        E       F      G
               +--------+--------+--------+--------+--------+-----+--------+
         Total |     77 |     77 |      0 |      0 |      0 |   1 |   77.0 |
       Dungeon |     77 |     77 |      0 |      0 |      0 |   1 |   77.0 |
               +--------+--------+--------+--------+--------+-----+--------+

Top non-repeatable levels by time:
     D:5: 77 daAuts
